Map: Traitor's Exile

Players

ChefeElJefe

  • Race: Terran Terran
  • Spawn Location: 12:00

juiCed

  • Race: Protoss Protoss
  • League: Diamond
  • Spawn Location: 9:00

ILIEKEGGPIE - Winner!

  • Race: Protoss Protoss
  • Spawn Location: 5:00

BizMac - Winner!

  • Race: Zerg Zerg
  • Spawn Location: 6:00

VOD

Have the link to the VOD?

Description

Time

  • Played on: March 6, 2018, 8:46 p.m.
  • Length: 11:24
Show
View Real Time Build Order
Export as new Build Order

ChefeElJefe Terran 

Build Orders:  

Get SALT Encoding   

  12  0:05  SCV  
  13  0:17  SCV  
  14  0:44  SCV  
  15  0:56  Supply Depot  
  15  1:18  SCV  
  16  1:30  SCV  
  17  1:37  Barracks  
  17  1:38  Supply Depot  
  17  2:11  Refinery  
  17  2:14  Refinery  
  17  2:55  Orbital Command  
  17  3:08  Factory  
  17  3:19  Factory  
  17  3:30  SCV  
  18  3:34  Command Center  
  18  3:42  SCV  
  19  3:54  Factory  
  19  3:55  SCV  
  20  3:57  Factory  
  20  4:04  Factory Tech Lab  
  20  4:06  Factory Reactor  
  20  4:07  SCV  
  21  4:19  SCV  
  22  4:29  Supply Depot  
  22  4:44  Factory Reactor x2  
  22  4:46  Hellion x3  
  28  5:27  Hellion x6  
  28  5:28  Hellion  
  42  5:48  Hellion x4  
  42  5:49  Hellion x2  
  54  6:10  Hellion x2  
  54  6:11  Hellion x2  
  54  6:26  Supply Depot  
  54  6:27  Supply Depot  
  54  6:28  Supply Depot  
  54  6:29  Supply Depot, Hellion  
  54  6:31  Hellion  
  54  6:32  Hellion  
  54  6:36  Hellion  
  54  6:37  Hellion  
  48  7:04  Hellion x6  
  48  7:05  Hellion  
  62  7:09  Orbital Command  
  62  7:17  Armory  
  62  7:25  Hellion  
  62  7:26  SCV, Hellion x6  
  77  7:38  SCV  
  78  7:50  SCV  
  79  7:52  Widow Mine x3  
  91  7:58  Widow Mine x3  
  91  7:59  Supply Depot  
  91  8:01  SCV  
  91  8:02  SCV  
  93  8:42  Drilling Claws  
  93  8:52  SCV x2  
  95  9:04  SCV x2  
  97  9:16  SCV x2  
  73  9:27  Widow Mine x3  
  73  9:28  Widow Mine x3, SCV x2  
  73  9:29  Widow Mine  
  61  9:40  SCV x2  
  62  9:46  Refinery  
  62  9:50  Refinery  
  56  10:00  Widow Mine  
  56  10:01  Widow Mine x6, Infernal Pre-Igniter  
  62  10:22  Widow Mine x4  
  43  10:52  Widow Mine  
  43  10:53  Widow Mine x6  
  26  11:16  Supply Depot  
Show
View Real Time Build Order
Export as new Build Order

juiCed Protoss 

Build Orders: 1 Gate Expand, Double Forge 

Get SALT Encoding   

  12  0:01  Probe  
  13  0:13  Probe  
  14  0:18  Pylon  
  14  0:25  Probe (Chrono Boost)  
  15  0:36  Probe (Chrono Boost)  
  16  0:44  Probe  
  17  0:50  Gateway  
  17  0:56  Probe (Chrono Boost)  
  18  0:59  Gateway  
  18  1:08  Probe (Chrono Boost)  
  19  1:15  Probe (Chrono Boost)  
  20  1:32  Nexus  
  20  1:41  Assimilator  
  20  1:42  Probe  
  20  1:47  Zealot  
  23  2:19  Assimilator  
  23  2:27  Cybernetics Core  
  23  2:44  Probe (Chrono Boost), Zealot x2  
  23  2:49  Probe (Chrono Boost)  
  29  2:55  Probe (Chrono Boost)  
  29  2:57  Probe (Chrono Boost)  
  31  3:00  Probe (Chrono Boost)  
  31  3:03  Probe  
  33  3:05  Pylon  
  33  3:09  Pylon  
  33  3:10  Probe  
  34  3:15  Probe  
  35  3:21  Warp Gate  
  35  3:22  Probe, Stalker  
  35  3:23  Stalker  
  40  3:28  Probe (Chrono Boost)  
  40  3:32  Robotics Facility  
  41  3:34  Probe (Chrono Boost)  
  43  3:45  Probe (Chrono Boost)  
  43  3:46  Probe (Chrono Boost)  
  42  3:51  Probe (Chrono Boost)  
  42  3:52  Probe (Chrono Boost)  
  43  3:58  Stalker x2  
  43  4:02  Probe (Chrono Boost)  
  47  4:04  Probe (Chrono Boost)  
  48  4:14  Probe (Chrono Boost)  
  48  4:15  Probe (Chrono Boost)  
  50  4:17  Assimilator  
  50  4:19  Probe (Chrono Boost)  
  50  4:20  Observer, Probe (Chrono Boost)  
  53  4:29  Probe, Forge  
  54  4:36  Forge  
  54  4:53  Pylon  
  54  4:54  Pylon  
  54  5:06  Protoss Ground Weapons Level 1 (Chrono Boost), Protoss Ground Armor Level 1 (Chrono Boost)  
  54  5:11  Observer, Probe x2  
  57  5:23  Probe  
  58  5:33  Gateway  
  46  5:36  Gateway  
  46  5:37  Gateway  
  46  5:38  Stalker  
  46  5:39  Stalker  
  34  6:10  Zealot x2  
Show
View Real Time Build Order
Export as new Build Order

ILIEKEGGPIE Protoss - Winner!

Build Orders:  

Get SALT Encoding   

  12  0:01  Probe  
  13  0:13  Probe  
  14  0:18  Pylon  
  14  0:25  Probe  
  15  0:37  Probe  
  15  0:38  Gateway  
  16  0:49  Probe  
  17  0:52  Assimilator  
  17  1:01  Probe  
  18  1:13  Probe  
  19  1:21  Pylon  
  18  1:26  Probe  
  19  1:35  Cybernetics Core  
  21  1:42  Probe  
  20  1:47  Assimilator  
  20  1:54  Probe  
  21  2:06  Probe, Pylon  
  22  2:12  Warp Gate (Chrono Boost)  
  22  2:24  Gateway  
  22  2:26  Gateway  
  22  2:28  Stalker  
  24  2:38  Gateway  
  24  2:58  Stalker  
  26  3:07  Probe  
  27  3:14  Stalker x2  
  31  3:24  Nexus  
  31  3:53  Pylon  
  31  3:57  Pylon  
  31  4:05  Stalker x3  
  37  4:11  Probe  
  38  4:23  Probe  
  39  4:26  Twilight Council  
  39  4:33  Sentry x2  
  39  4:34  Sentry  
  39  4:36  Probe  
  46  5:00  Charge (Chrono Boost)  
  46  5:01  Probe x2  
  48  5:09  Forge  
  48  5:12  Gateway  
  48  5:13  Probe  
  49  5:57  Probe x2  
  49  5:59  Stalker x3  
  57  6:09  Probe  
  56  6:12  Probe  
  56  6:17  Stalker  
  59  6:20  Assimilator  
  59  6:22  Probe  
  59  6:24  Probe, Blink (Chrono Boost), Assimilator  
  61  6:26  Pylon  
  55  6:34  Probe  
  55  6:36  Probe  
  47  6:47  Stalker x4, Protoss Ground Weapons Level 1 (Chrono Boost)  
  47  6:50  Probe  
  47  6:51  Probe  
  55  7:03  Probe x2  
  57  7:08  Pylon  
  57  7:15  Probe (Chrono Boost)  
  59  7:16  Probe (Chrono Boost)  
  59  7:18  Pylon  
  59  7:27  Probe (Chrono Boost)  
  61  7:33  Probe (Chrono Boost)  
  61  7:34  Probe (Chrono Boost), Robotics Facility  
  62  7:38  Stalker x3  
  62  7:39  Probe  
  62  7:41  Probe  
  70  7:51  Probe  
  70  7:53  Probe  
  72  8:07  Stalker x5  
  72  8:12  Pylon  
  82  8:23  Robotics Facility  
  82  8:25  Pylon  
  82  8:50  Immortal  
  86  8:55  Stalker  
  86  8:56  Stalker x4  
  96  9:29  Immortal  
  98  9:38  Immortal  
  102  9:42  Probe  
  102  9:43  Probe  
  104  10:01  Probe x2  
  106  10:11  Immortal  
  110  10:24  Nexus  
  110  10:25  Pylon  
  110  10:28  Pylon  
  110  10:32  Pylon  
  110  10:37  Pylon  
  110  10:43  Immortal, Probe  
  115  11:18  Pylon  
Show
View Real Time Build Order
Export as new Build Order

BizMac Zerg - Winner!

Build Orders: Pool First 

Get SALT Encoding   

  12  0:01  Drone  
  13  0:10  Drone  
  14  0:18  Overlord  
  14  0:36  Drone x3  
  17  0:45  Extractor  
  17  0:47  Spawning Pool  
  15  0:51  Drone  
  16  0:58  Drone  
  17  1:13  Drone  
  18  1:25  Drone  
  19  1:34  Queen  
  21  1:47  Zergling x2  
  21  1:48  Hatchery  
  21  1:59  Metabolic Boost  
  21  2:06  Drone  
  22  2:18  Overlord  
  22  2:39  Overlord x2  
  21  2:45  Zergling x8  
  25  3:00  Lair  
  25  3:02  Queen  
  25  3:04  Drone  
  28  3:21  Drone  
  28  3:22  Drone  
  30  3:30  Extractor  
  29  3:34  Zergling x4  
  29  3:35  Zergling x6  
  34  3:50  Hatchery  
  32  4:01  Drone x3  
  34  4:03  Zergling x10  
  39  4:18  Drone  
  40  4:27  Drone x2  
  42  4:48  Drone x3  
  42  5:22  Zergling x10  
  42  5:23  Zergling x12  
  50  5:38  Queen  
  50  5:39  Drone x3  
  50  5:41  Drone x3  
  48  6:19  Roach Warren  
  48  6:24  Spine Crawler  
  48  6:25  Spine Crawler  
  45  6:26  Spine Crawler  
  45  6:28  Spine Crawler  
  45  6:29  Spine Crawler x2  
  41  6:39  Drone x5  
  47  6:40  Drone  
  47  6:42  Drone x4  
  44  7:04  Roach  
  44  7:05  Roach x6  
  58  7:09  Overlord x2  
  58  7:12  Glial Reconstitution  
  58  7:19  Overlord x2  
  58  7:23  Extractor  
  58  7:29  Roach  
  63  7:30  Roach x3  
  65  7:47  Drone x5  
  65  7:48  Drone  
  71  8:09  Overlord x2  
  71  8:14  Zergling x4  
  71  8:15  Zergling x8  
  71  8:19  Ravager  
  79  8:20  Ravager  
  79  8:22  Ravager x2  
  81  8:38  Roach  
  81  8:39  Roach x11  
  105  8:52  Spore Crawler  
  105  8:53  Overseer  
  104  9:03  Evolution Chamber  
  104  9:05  Evolution Chamber  
  96  9:31  Roach  
  96  9:32  Roach x4  
  96  9:36  Overlord x4  
  106  9:57  Ravager  
  106  9:58  Ravager x6  
  106  9:59  Ravager  
Tags
 
Add a new tag
Caveats
  • Supply blocks, unpowered buildings, or Contaminate may cause inaccurate times.
  • Supply counts are checked every 10 seconds.